 Dungeon Crawl Stone Soup version 0.31.0-11-ge490571c62 (webtiles) character file.

Game seed: 8954787691863250222

219352 qw the Acrobat (level 18, -5/92 HPs)
             Began as a Spriggan Hunter on Feb 3, 2024.
             Was a High Priest of Okawaru.
             Slain by a shock serpent (14 damage)
             ... on level 3 of the Snake Pit.
             The game lasted 00:09:33 (22385 turns).

qw the Acrobat (Spriggan Hunter)                   Turns: 22385, Time: 00:09:33

Health: -5/92      AC:  8    Str: 10    XL:     18   Next: 53%
Magic:  26/26      EV: 53    Int: 10    God:    Okawaru [*****.]
Gold:   1634       SH:  5    Dex: 36    Spells: 17/17 levels left

rFire   + + .        y - +8 hand cannon of the Trees {penet, rF++}
rCold   . . .        (no shield)
rNeg    . . .        s - +0 acid dragon scales "Keasm" {rCorr Str+3 Dex+3 Slay+3}
rPois   +            j - +2 hat
rElec   .            o - scarf {repulsion}
rCorr   +            (gloves unavailable)
SInv    +            (boots unavailable)
Will    ++++.        w - amulet of reflection
Stlth   +++          v - +6 ring of dexterity
HPRegen 0.35/turn    i - ring of poison resistance
MPRegen 0.20/turn

%: repel missiles, reflection
@: about to teleport, very quick
A: very small, no large weapons, unfitting armour, see invisible, speed 3,
strong-willed 1
a: Renounce Religion, Heroism, Finesse, Duel


You were on level 3 of the Snake Pit.
You worshipped Okawaru.
Okawaru was extremely pleased with you.
You visited 5 branches of the dungeon, and saw 26 of its levels.

You collected 2871 gold pieces.
You spent 1237 gold pieces at shops.


Innate Abilities, Weirdness & Mutations

You are very small and have problems with some larger weapons.
You are too small for most types of armour.
You have supernaturally acute eyesight. (SInv)
You cover ground extremely quickly. (Speed+++)
You are strong-willed. (Will+)


   Skills:
 - Level 9.0 Fighting
 + Level 20.3 Ranged Weapons
 - Level 3.0 Armour
 - Level 24.0 Dodging
 - Level 1.5 Stealth
 - Level 10.0 Invocations


You had 17 spell levels left.
You didn't know any spells.
Your spell library was empty.

Inventory:

Hand Weapons
 y - the +8 hand cannon of the Trees (weapon) {penet, rF++}
   (Okawaru gifted it to you on level 5 of the Lair of Beasts)

   rF++:      It greatly protects you from fire.
Armour
 d - a scarf of resistance
 j - a +2 hat (worn)
 o - a scarf of repulsion (worn)
 p - a +0 cloak
 s - the +0 acid dragon scales "Keasm" (worn) {rCorr Str+3 Dex+3 Slay+3}
   (Okawaru gifted it to you on level 5 of the Lair of Beasts)

   Str+3:     It affects your strength (+3).
   Dex+3:     It affects your dexterity (+3).
   Slay+3:    It affects your accuracy & damage with ranged weapons and melee
   (+3).
   rCorr:     It protects you from acid and corrosion.
Jewellery
 i - a ring of poison resistance (right hand)
 v - a +6 ring of dexterity (left hand)
 w - an amulet of reflection (around neck)
 B - a +4 ring of protection
 Y - the ring of Interdependent Arising {rF+ rC+ rN+ Int-2}
   (You found it on level 2 of the Orcish Mines)

   [ring of protection from cold]

   Int-2:     It affects your intelligence (-2).
   rF+:       It protects you from fire.
   rC+:       It protects you from cold.
   rN+:       It protects you from negative energy.
Wands
 c - a wand of roots (7)
 f - a wand of digging (8)
 u - a wand of polymorph (14)
 x - a wand of light (6)
Scrolls
 b - 9 scrolls of identify
 g - 4 scrolls of teleportation
 l - 3 scrolls of enchant weapon
 r - a scroll of brand weapon
 t - 5 scrolls of enchant armour
Potions
 a - 4 potions of enlightenment
 e - a potion of resistance
 h - 6 potions of curing
 k - 3 potions of magic
 m - a potion of haste
 n - 4 potions of mutation

Dungeon Overview and Level Annotations

Branches:
Dungeon (15/15)            Temple (1/1) D:5            Lair (5/5) D:9
 Shoals (0/4) Lair:3        Snake (3/4) Lair:3        Slime (0/5) Lair:4
    Orc (2/2) D:11            Elf (0/3) Orc:2        Vaults (0/5) D:14
 Depths (0/4) D:15

Altars:
Ashenzari
Cheibriados
Dithmenos
Elyvilon
Fedhas
Gozag
Hepliaklqana
Kikubaaqudgha
Makhleb
Nemelex Xobeh
Okawaru
Qazlal
Ru
Sif Muna
Trog
Uskayaw
Vehumet
Wu Jian
Xom
Yredelemnul
Zin
The Shining One
Jiyva

Shops:
D:1 :   D:14 :   Orc:2 ?*?=(   Snake:1 [[(?

Portals:
Pandemonium: Orc:2
Trove: D:14 (show slimy rune of Zot)

Annotations:
D:4 1 runed translucent door, Crazy Yiuf
D:14 3 runed translucent doors, Opnastoc's ghost, journeyman MiBe
Lair:2 1 runed translucent door, qw's ghost, journeyman SpHu
Lair:5 2 runed translucent doors


Message History

The shock serpent shoots out a bolt of lightning at you!
The bolt of electricity hits you!!
You shoot a bolt. The bolt pierces through the naga mage.
The naga mage is almost dead.
The bolt pierces through the naga!
The naga is severely wounded.
The bolt pierces through the naga mage!!
You kill the naga mage!
Okawaru accepts your kill.
The shock serpent shoots out a bolt of lightning at you!
The bolt of electricity misses you.
You shoot a bolt.
The bolt pierces through the shock serpent!!
The shock serpent is heavily wounded.
The bolt pierces through the naga mage!!
You kill the naga mage!
Okawaru accepts your kill.
The bolt pierces through the naga!!!
You kill the naga!
Okawaru accepts your kill.
The bolt pierces through the naga!!
You kill the naga!
Okawaru accepts your kill.
The shock serpent's electric aura discharges, shocking you!
The shock serpent shoots out a bolt of lightning at you!
The bolt of electricity misses you.
22384 ||| READING 5 scrolls of teleportation.
As you read the scroll of teleportation, it crumbles to dust.
You feel strangely unstable.
The shock serpent shoots out a bolt of lightning at you!
The bolt of electricity misses you.
You shoot a bolt.
The bolt pierces through the shock serpent!!
The shock serpent is almost dead.
The bolt pierces through the naga warrior!
You kill the naga warrior!
Okawaru accepts your kill.
The shock serpent's electric aura discharges, shocking you!
The shock serpent bites you. The shock serpent shocks you!
You die...

#..........# ##..........#
.). ##...........# .))
####............###..
.......##.###.###.). ###
.......##.#...#...) #.##
#####.)##.#.#...8) #..# ..
#.).......#¤S# #.>## .
#...#.#.####@######..#
#....................#
+..##.>#####..#####.##
+.)#.).# ##.# ##.# #..#...#
#..###..### #..#...#
##.....#..#### #..#...#
####........#
#....############........#
......#...............).....#


You could see a shock serpent.

Vanquished Creatures
  Jorgrun (Orc:2)
  Rupert (D:15)
  Frances (D:13)
  Kirke (D:14)
  Roxanne (Snake:3)
  Aizul (Lair:3)
  A nagaraja (Snake:3)
  4 orc warlords
  A fire dragon (D:15)
  3 vault guards (D:14)
  A great orb of eyes (D:10)
  An ogre mage (D:15)
  A catoblepas (Lair:4)
  7 hydras
  5 centaur warriors
  2 demonspawn (Orc:2)
  4 boulder beetles
  6 anacondas
  3 naga warriors
  A sphinx skeleton (D:15)
  12 two-headed ogres
  An orc high priest (Orc:2)
  3 naga sharpshooters
  2 tengu warriors (D:14)
  A shock serpent (Snake:3)
  6 skeletal warriors
  Nergalle (D:12)
  Amaemon (Lair:2)
  A skyshark (Lair:2)
  2 salamander mystics
  A sixfirhy (Orc:2)
  A spark wasp zombie (D:15)
  4 naga ritualists
  Lodul (D:14)
  An orange crystal statue (D:14)
  A flayed ghost (D:15)
  A harpy (shapeshifter) (D:10)
  2 mana vipers (Snake:1)
  9 orc knights
  A necromancer (D:15)
  2 wolf spiders (Lair:1)
  2 deep elf pyromancers
  Maurice (D:7)
  2 lindwurms (Lair:5)
  12 cyclopes
  13 orc sorcerers (Orc:2)
  5 salamanders
  2 manticores (D:13)
  23 black mambas
  An ugly thing (D:12)
  6 elephants (Lair:5)
  3 meliai (D:14)
  2 rust devils (Orc:2)
  2 orange demons
  A guardian serpent (Snake:1)
  9 cane toads
  3 molten gargoyles (Lair:5)
  2 gargoyles
  A smoke demon (Orc:2)
  11 naga magi
  4 rime drakes
  2 efreet
  Psyche (D:10)
  A kobold demonologist (D:14)
  16 komodo dragons
  2 freezing wraiths (D:14)
  A tengu conjurer (D:14)
  A polar bear (Lair:5)
  A troll (shapeshifter) (D:14)
  10 trolls
  17 blink frogs
  4 dream sheep (Lair:4)
  8 slime creatures
  A shadow (D:12)
  A wraith (D:13)
  52 yaks
  A human (D:14)
  6 wyverns
  A steam dragon (D:8)
  3 hogs (D:14)
  6 basilisks
  A warg (Orc:2)
  An acid dragon (D:10)
  25 nagas
  12 water moccasins
  4 hell hounds (Lair:5)
  43 orc warriors
  5 black bears
  3 laughing skulls
  A sky beast (D:6)
  3 ice beasts
  20 ogres
  14 wolves
  8 centaurs
  A phantom (D:5)
  2 kobold brigands
  12 bullfrogs
  4 scorpions
  A gnoll sergeant (D:9)
  6 wights
  3 killer bees
  4 howler monkeys
  4 electric eels
  2 crimson imps (D:8)
  5 lava snakes (Lair:5)
  5 hounds
  26 orc priests
  2 bombardier beetles (D:5)
  2 gnoll boudas
  6 jellies
  5 sleepcaps
  7 iguanas
  19 orc wizards
  12 gnolls
  7 adders
  3 shadow imps
  6 white imps
  An ufetubus (D:5)
  4 dart slugs
  4 ribbon worms
  94 orcs
  10 ball pythons
  8 endoplasms
  4 giant cockroaches
  8 goblins
  9 hobgoblins
  4 jackals (D:1)
  4 quokkas
  2 bats (D:1)
  A frilled lizard (D:1)
  22 kobolds
  3 rats
802 creatures vanquished.

Vanquished Creatures (others)
  A vault guard (D:14)
1 creature vanquished.

Grand Total: 803 creatures vanquished

Notes
Turn   | Place    | Note
-------+----------+-------------------------------------------
     0 | D:1      | qw the Spriggan Hunter began the quest for the Orb.
     0 | D:1      | Reached XP level 1. HP: 10/10 MP: 2/2
     0 | D:1      | 0 ||| qw: Version: 0.3-a-155-g5e7d8dd
     0 | D:1      | 0 ||| qw: Game counter: 3070
     0 | D:1      | 0 ||| qw: Melee chars always use a shield: true
     0 | D:1      | 0 ||| qw: God list: Okawaru
     0 | D:1      | 0 ||| qw: Allow faded altars: false
     0 | D:1      | 0 ||| qw: Do Orc after clearing Dungeon:15 true
     0 | D:1      | 0 ||| qw: Do second Lair branch before Depths: true
     0 | D:1      | 0 ||| qw: Lair rune preference: random
     0 | D:1      | 0 ||| qw: Goals: Normal
     0 | D:1      | 0 ||| PLANNING D:1-11
    26 | D:1      | Reached skill level 3 in Dodging
    49 | D:1      | Reached XP level 2. HP: 14/14 MP: 3/3
   345 | D:1      | 345 ||| READING scroll labelled OTHROU TAYG.
   402 | D:1      | Reached skill level 4 in Dodging
   479 | D:1      | Found Lutooru's Book Emporium.
   734 | D:1      | Reached XP level 3. HP: 18/18 MP: 4/4
   984 | D:1      | 984 ||| UPGRADING to scarf of resistance.
   989 | D:1      | 989 ||| READING 2 scrolls labelled QEQYEZ KEGAIJ.
   989 | D:1      | 989 ||| IDENTIFYING metallic golden potion
   990 | D:1      | 990 ||| READING scroll of identify.
   990 | D:1      | 990 ||| IDENTIFYING 2 puce potions
   991 | D:1      | 991 ||| DROPPING scroll of butterflies.
   992 | D:1      | 992 ||| DROPPING potion of ambrosia.
   993 | D:1      | 993 ||| DROPPING 2 potions of lignification.
  1103 | D:2      | HP: 1/18 [ribbon worm (6)]
  1104 | D:2      | 1104 ||| READING scroll of teleportation.
  1575 | D:2      | 1575 ||| READING 2 scrolls of identify.
  1575 | D:2      | 1575 ||| IDENTIFYING sapphire potion
  1576 | D:2      | 1576 ||| READING scroll of identify.
  1576 | D:2      | 1576 ||| IDENTIFYING scroll labelled AZOCSASCH KAYNG
  1577 | D:2      | 1577 ||| DROPPING scroll of fear.
  1595 | D:3      | Reached XP level 4. HP: 22/22 MP: 5/5
  1641 | D:3      | Found a white marble altar of Elyvilon.
  1709 | D:3      | 1709 ||| RETREEEEATING.
  1714 | D:3      | Reached skill level 5 in Dodging
  1843 | D:3      | Found a sparkling altar of Nemelex Xobeh.
  1973 | D:3      | Reached XP level 5. HP: 26/26 MP: 6/6
  2055 | D:3      | 2055 ||| UPGRADING to +1 hat.
  2060 | D:3      | 2060 ||| READING scroll labelled VUT EPEEJOI.
  2060 | D:3      | 2060 ||| ENCHANTING +1 hat.
  2061 | D:3      | 2061 ||| READING scroll labelled WUFIUD YQURI.
  2061 | D:3      | Identified a scroll of acquirement
  2061 | D:3      | 2061 ||| ACQUIRING +7 shortbow of draining
  2061 | D:3      | Acquired a +7 shortbow of draining
  2063 | D:3      | 2063 ||| SWAPPING to +7 shortbow of draining.
  2064 | D:3      | 2064 ||| DROPPING +0 shortbow.
  2065 | D:3      | 2065 ||| READING scroll labelled DUOKKO YSALA.
  2275 | D:4      | Identified the +1 ring mail "Rytesk" {Str+3}
  2289 | D:4      | Noticed a black bear
  2293 | D:4      | Killed a black bear
  2294 | D:4      | Reached skill level 6 in Ranged Weapons
  2478 | D:4      | Reached XP level 6. HP: 30/30 MP: 7/7
  2735 | D:4      | Found a runed translucent door.
  2736 | D:4      | Noticed Crazy Yiuf
  2782 | D:4      | Reached skill level 6 in Dodging
  3327 | D:4      | 3327 ||| READING scroll of identify.
  3327 | D:4      | 3327 ||| IDENTIFYING sedimented purple potion
  3328 | D:4      | 3328 ||| READING scroll labelled SYALIE FORAPP.
  3377 | D:5      | Entered Level 5 of the Dungeon
  3433 | D:5      | Found a snail-covered altar of Cheibriados.
  3484 | D:5      | Reached XP level 7. HP: 35/35 MP: 8/8
  3510 | D:5      | Found a staircase to the Ecumenical Temple.
  3511 | D:5      | 3511 ||| PLANNING TEMPLE
  3511 | D:5      | 3511 ||| READING 2 scrolls of identify.
  3511 | D:5      | 3511 ||| IDENTIFYING lumpy coppery potion
  3512 | D:5      | 3512 ||| READING scroll of identify.
  3512 | D:5      | 3512 ||| IDENTIFYING cyan potion
  3513 | D:5      | 3513 ||| DROPPING potion of brilliance.
  3524 | Temple   | Entered the Ecumenical Temple
  3525 | Temple   | 3525 ||| PLANNING OKAWARU WORSHIP
  3532 | Temple   | Became a worshipper of Warmaster Okawaru
  3533 | Temple   | 3533 ||| PLANNING D:1-11
  3609 | D:5      | Reached skill level 7 in Dodging
  3672 | D:5      | 3672 ||| RETREEEEATING.
  3673 | D:5      | 3673 ||| RETREEEEATING.
  3674 | D:5      | 3674 ||| RETREEEEATING.
  3675 | D:5      | 3675 ||| RETREEEEATING.
  3676 | D:5      | 3676 ||| RETREEEEATING.
  3677 | D:5      | 3677 ||| RETREEEEATING.
  3692 | D:5      | Reached * piety under Okawaru
  3725 | D:5      | Reached skill level 1 in Invocations
  3856 | D:5      | Reached XP level 8. HP: 39/39 MP: 10/10
  3900 | D:5      | 3900 ||| READING scroll of acquirement.
  3900 | D:5      | 3900 ||| ACQUIRING +5 orcbow of draining
  3900 | D:5      | Acquired a +5 orcbow of draining
  3902 | D:5      | 3902 ||| SWAPPING to +5 orcbow of draining.
  3903 | D:5      | 3903 ||| DROPPING +7 shortbow of draining.
  3942 | D:5      | Reached skill level 3 in Invocations
  4171 | D:6      | Reached skill level 8 in Dodging
  4186 | D:6      | Reached ** piety under Okawaru
  4292 | D:6      | Reached skill level 3 in Fighting
  4403 | D:6      | Reached skill level 9 in Ranged Weapons
  4560 | D:6      | Reached XP level 9. HP: 44/44 MP: 13/13
  4824 | D:6      | Reached skill level 9 in Dodging
  5210 | D:7      | Reached skill level 10 in Dodging
  5211 | D:7      | Reached *** piety under Okawaru
  5369 | D:7      | Identified the +2 pair of gloves of the Enfolding Gods {rC-
                  | rCorr Str+5 Slay+2}
  5553 | D:7      | Noticed Maurice
  5554 | D:7      | 5554 ||| INVOKING Heroism.
  5567 | D:7      | Killed Maurice
  5711 | D:8      | Reached **** piety under Okawaru
  5963 | D:8      | 5963 ||| RETREEEEATING.
  5967 | D:8      | 5967 ||| RETREEEEATING.
  5977 | D:8      | 5977 ||| INVOKING Finesse.
  5978 | D:8      | 5978 ||| INVOKING Heroism.
  6166 | D:8      | 6166 ||| RETREEEEATING.
  6172 | D:8      | Reached skill level 11 in Dodging
  6452 | D:8      | Reached XP level 10. HP: 49/49 MP: 14/14
  6555 | D:8      | 6555 ||| UPGRADING to ring of positive energy.
  6556 | D:8      | 6556 ||| READING scroll of identify.
  6556 | D:8      | 6556 ||| IDENTIFYING gluggy blue potion
  6557 | D:8      | 6557 ||| READING scroll labelled REOMIR BAKURR.
  7109 | D:9      | Found a staircase to the Lair.
  7209 | D:9      | Reached skill level 6 in Invocations
  7357 | D:9      | Found a glowing silver altar of Zin.
  7360 | D:9      | Found Zin's Purification Station.
  7366 | D:9      | 7366 ||| BUYING potion of curing (90 gold).
  7366 | D:9      | Bought a potion of curing for 90 gold pieces
  7609 | D:9      | 7609 ||| PLANNING LAIR
  7609 | D:9      | 7609 ||| UPGRADING to ring of willpower.
  7610 | D:9      | 7610 ||| DROPPING ring of wizardry.
  7611 | D:9      | 7611 ||| READING 2 scrolls labelled PAICHUAFOT.
  7612 | D:9      | 7612 ||| DRINKING 2 fuming pink potions.
  7612 | D:9      | Gained mutation: You are strong-willed. (Will+) [potion of
                  | mutation]
  7613 | D:9      | 7613 ||| DROPPING scroll of amnesia.
  7662 | Lair:1   | Entered Level 1 of the Lair of Beasts
  7663 | Lair:1   | 7663 ||| INVOKING Finesse.
  7667 | Lair:1   | 7667 ||| STAIRDANCE
  7702 | Lair:1   | 7702 ||| STAIRDANCE
  7710 | D:9      | 7710 ||| RETREEEEATING.
  7711 | D:9      | 7711 ||| RETREEEEATING.
  7712 | D:9      | 7712 ||| RETREEEEATING.
  7713 | D:9      | 7713 ||| RETREEEEATING.
  7714 | D:9      | 7714 ||| RETREEEEATING.
  7715 | D:9      | 7715 ||| RETREEEEATING.
  7719 | D:9      | 7719 ||| RETREEEEATING.
  7828 | Lair:1   | 7828 ||| STAIRDANCE
  7832 | Lair:1   | Noticed a black mamba
  7833 | Lair:1   | 7833 ||| STAIRDANCE
  7878 | Lair:1   | 7878 ||| STAIRDANCE
  7880 | D:9      | 7880 ||| INVOKING Finesse.
  7890 | D:9      | Killed a black mamba
  7939 | Lair:1   | 7939 ||| STAIRDANCE
  8014 | Lair:1   | 8014 ||| INVOKING Finesse.
  8019 | Lair:1   | 8019 ||| STAIRDANCE
  8022 | D:9      | Reached skill level 12 in Dodging
  8165 | Lair:1   | 8165 ||| RETREEEEATING.
  8167 | Lair:1   | 8167 ||| RETREEEEATING.
  8169 | Lair:1   | 8169 ||| RETREEEEATING.
  8170 | Lair:1   | 8170 ||| RETREEEEATING.
  8174 | Lair:1   | Reached XP level 11. HP: 53/53 MP: 18/18
  8179 | Lair:1   | Reached ***** piety under Okawaru
  8312 | Lair:1   | 8312 ||| RETREEEEATING.
  8313 | Lair:1   | 8313 ||| RETREEEEATING.
  8316 | Lair:1   | 8316 ||| RETREEEEATING.
  8317 | Lair:1   | 8317 ||| RETREEEEATING.
  8408 | Lair:1   | Reached skill level 9 in Invocations
  8423 | Lair:1   | Reached skill level 12 in Ranged Weapons
  8470 | Lair:1   | Noticed a wolf spider
  8471 | Lair:1   | 8471 ||| RETREEEEATING.
  8472 | Lair:1   | 8472 ||| INVOKING Finesse.
  8473 | Lair:1   | 8473 ||| INVOKING Heroism.
  8481 | Lair:1   | Killed a wolf spider
  8484 | Lair:1   | Noticed a wolf spider
  8488 | Lair:1   | Killed a wolf spider
  8968 | Lair:1   | 8968 ||| UPGRADING to amulet of reflection.
  9122 | Lair:2   | Noticed Amaemon
  9123 | Lair:2   | 9123 ||| INVOKING Finesse.
  9129 | Lair:2   | Killed Amaemon
  9130 | Lair:2   | Reached skill level 13 in Dodging
  9171 | Lair:2   | Received a gift from Okawaru
  9198 | Lair:2   | 9198 ||| RETREEEEATING.
  9199 | Lair:2   | 9199 ||| RETREEEEATING.
  9200 | Lair:2   | 9200 ||| RETREEEEATING.
  9202 | Lair:2   | 9202 ||| RETREEEEATING.
  9203 | Lair:2   | 9203 ||| RETREEEEATING.
  9237 | Lair:2   | Noticed a skyshark
  9238 | Lair:2   | 9238 ||| INVOKING Finesse.
  9246 | Lair:2   | Killed a skyshark
  9354 | Lair:2   | 9354 ||| RETREEEEATING.
  9357 | Lair:2   | 9357 ||| RETREEEEATING.
  9358 | Lair:2   | 9358 ||| RETREEEEATING.
  9359 | Lair:2   | 9359 ||| RETREEEEATING.
  9360 | Lair:2   | 9360 ||| RETREEEEATING.
  9361 | Lair:2   | 9361 ||| RETREEEEATING.
  9362 | Lair:2   | 9362 ||| RETREEEEATING.
  9363 | Lair:2   | 9363 ||| RETREEEEATING.
  9364 | Lair:2   | 9364 ||| RETREEEEATING.
  9471 | Lair:2   | Reached XP level 12. HP: 51/60 MP: 20/20
  9516 | Lair:2   | Found a runed translucent door.
  9521 | Lair:2   | Noticed qw's ghost (journeyman SpHu)
  9597 | Lair:2   | 9597 ||| RETREEEEATING.
  9598 | Lair:2   | 9598 ||| RETREEEEATING.
  9599 | Lair:2   | 9599 ||| RETREEEEATING.
  9601 | Lair:2   | 9601 ||| RETREEEEATING.
  9602 | Lair:2   | 9602 ||| RETREEEEATING.
  9603 | Lair:2   | 9603 ||| RETREEEEATING.
  9604 | Lair:2   | 9604 ||| RETREEEEATING.
  9606 | Lair:2   | 9606 ||| RETREEEEATING.
  9608 | Lair:2   | 9608 ||| RETREEEEATING.
  9610 | Lair:2   | 9610 ||| RETREEEEATING.
  9612 | Lair:2   | 9612 ||| RETREEEEATING.
  9614 | Lair:2   | 9614 ||| RETREEEEATING.
  9621 | Lair:2   | 9621 ||| RETREEEEATING.
  9623 | Lair:2   | 9623 ||| RETREEEEATING.
  9625 | Lair:2   | 9625 ||| RETREEEEATING.
  9641 | Lair:2   | Received a gift from Okawaru
  9806 | Lair:2   | 9806 ||| RETREEEEATING.
  9807 | Lair:2   | 9807 ||| RETREEEEATING.
  9808 | Lair:2   | 9808 ||| RETREEEEATING.
  9809 | Lair:2   | 9809 ||| RETREEEEATING.
  9811 | Lair:2   | 9811 ||| RETREEEEATING.
  9812 | Lair:2   | 9812 ||| RETREEEEATING.
  9813 | Lair:2   | 9813 ||| RETREEEEATING.
  9814 | Lair:2   | 9814 ||| RETREEEEATING.
  9815 | Lair:2   | 9815 ||| RETREEEEATING.
  9822 | Lair:2   | Reached skill level 14 in Dodging
 10061 | Lair:2   | 10061 ||| UPGRADING to ring of resist corrosion.
 10063 | Lair:2   | 10063 ||| READING scroll of identify.
 10063 | Lair:2   | 10063 ||| IDENTIFYING smoky dark potion
 10064 | Lair:2   | 10064 ||| DROPPING potion of berserk rage.
 10196 | Lair:3   | Found a staircase to the Shoals.
 10240 | Lair:3   | 10240 ||| RETREEEEATING.
 10242 | Lair:3   | 10242 ||| RETREEEEATING.
 10245 | Lair:3   | 10245 ||| RETREEEEATING.
 10247 | Lair:3   | 10247 ||| RETREEEEATING.
 10253 | Lair:3   | 10253 ||| RETREEEEATING.
 10254 | Lair:3   | 10254 ||| RETREEEEATING.
 10255 | Lair:3   | 10255 ||| RETREEEEATING.
 10256 | Lair:3   | 10256 ||| RETREEEEATING.
 10257 | Lair:3   | 10257 ||| RETREEEEATING.
 10349 | Lair:3   | 10349 ||| READING scroll of acquirement.
 10349 | Lair:3   | 10349 ||| ACQUIRING +6 orcbow of draining
 10349 | Lair:3   | Acquired a +6 orcbow of draining
 10351 | Lair:3   | 10351 ||| SWAPPING to +6 orcbow of draining.
 10507 | Lair:3   | 10507 ||| RETREEEEATING.
 10509 | Lair:3   | 10509 ||| RETREEEEATING.
 10512 | Lair:3   | 10512 ||| RETREEEEATING.
 10518 | Lair:3   | 10518 ||| RETREEEEATING.
 10798 | Lair:3   | Found a staircase to the Snake Pit.
 10895 | Lair:3   | 10895 ||| READING 2 scrolls of identify.
 10895 | Lair:3   | 10895 ||| IDENTIFYING inky potion
 10896 | Lair:3   | 10896 ||| READING scroll of identify.
 10896 | Lair:3   | 10896 ||| IDENTIFYING fuming blue potion
 11038 | Lair:4   | 11038 ||| RETREEEEATING.
 11039 | Lair:4   | 11039 ||| RETREEEEATING.
 11066 | Lair:4   | Noticed a boulder beetle
 11067 | Lair:4   | 11067 ||| INVOKING Finesse.
 11079 | Lair:4   | Killed a boulder beetle
 11080 | Lair:4   | Reached skill level 15 in Dodging
 11270 | Lair:4   | Noticed a catoblepas
 11271 | Lair:4   | 11271 ||| INVOKING Finesse.
 11276 | Lair:4   | Killed a catoblepas
 11277 | Lair:4   | Reached skill level 6 in Fighting
 11447 | Lair:4   | Found a viscous altar of Jiyva.
 11448 | Lair:4   | Found a staircase to the Slime Pits.
 11917 | Lair:4   | 11917 ||| READING scroll of identify.
 11917 | Lair:4   | 11917 ||| IDENTIFYING purple potion
 11918 | Lair:4   | 11918 ||| DROPPING potion of invisibility.
 11923 | Lair:5   | Entered Level 5 of the Lair of Beasts
 11923 | Lair:5   | Noticed a five-headed hydra
 11924 | Lair:5   | 11924 ||| INVOKING Finesse.
 11927 | Lair:5   | 11927 ||| STAIRDANCE
 11932 | Lair:4   | Killed a five-headed hydra
 11932 | Lair:4   | Received a gift from Okawaru
 11959 | Lair:5   | 11959 ||| STAIRDANCE
 12023 | Lair:5   | Noticed a six-headed hydra
 12024 | Lair:5   | 12024 ||| INVOKING Finesse.
 12029 | Lair:5   | Killed a six-headed hydra
 12094 | Lair:5   | Reached skill level 15 in Ranged Weapons
 12097 | Lair:5   | Reached XP level 13. HP: 65/65 MP: 21/21
 12123 | Lair:5   | 12123 ||| RETREEEEATING.
 12171 | Lair:5   | 12171 ||| RETREEEEATING.
 12172 | Lair:5   | 12172 ||| RETREEEEATING.
 12174 | Lair:5   | 12174 ||| RETREEEEATING.
 12187 | Lair:5   | Reached skill level 16 in Dodging
 12244 | Lair:5   | 12244 ||| RETREEEEATING.
 12245 | Lair:5   | 12245 ||| RETREEEEATING.
 12247 | Lair:5   | 12247 ||| RETREEEEATING.
 12248 | Lair:5   | 12248 ||| RETREEEEATING.
 12250 | Lair:5   | 12250 ||| RETREEEEATING.
 12252 | Lair:5   | 12252 ||| RETREEEEATING.
 12253 | Lair:5   | 12253 ||| RETREEEEATING.
 12254 | Lair:5   | 12254 ||| RETREEEEATING.
 12256 | Lair:5   | 12256 ||| RETREEEEATING.
 12258 | Lair:5   | 12258 ||| RETREEEEATING.
 12259 | Lair:5   | 12259 ||| RETREEEEATING.
 12266 | Lair:5   | Reached ****** piety under Okawaru
 12266 | Lair:5   | Received a gift from Okawaru
 12273 | Lair:5   | 12273 ||| INVOKING Receive Weapon.
 12273 | Lair:5   | 12273 ||| ACQUIRING +8 hand cannon of the Trees {penet,
                  | rF++}
 12273 | Lair:5   | Acquired the +8 hand cannon of the Trees {penet, rF++}
 12273 | Lair:5   | Received a gift from Okawaru
 12274 | Lair:5   | 12274 ||| INVOKING Receive Armour.
 12274 | Lair:5   | 12274 ||| ACQUIRING +0 acid dragon scales "Keasm" {rCorr
                  | Str+3 Dex+3 Slay+3}
 12274 | Lair:5   | Acquired the +0 acid dragon scales "Keasm" {rCorr Str+3
                  | Dex+3 Slay+3}
 12274 | Lair:5   | Received a gift from Okawaru
 12276 | Lair:5   | 12276 ||| SWAPPING to +8 hand cannon of the Trees {penet,
                  | rF++}.
 12277 | Lair:5   | 12277 ||| DROPPING +6 orcbow of draining.
 12278 | Lair:5   | 12278 ||| DROPPING +5 orcbow of draining.
 12290 | Lair:5   | 12290 ||| RETREEEEATING.
 12291 | Lair:5   | 12291 ||| RETREEEEATING.
 12293 | Lair:5   | 12293 ||| RETREEEEATING.
 12296 | Lair:5   | 12296 ||| RETREEEEATING.
 12297 | Lair:5   | 12297 ||| RETREEEEATING.
 12299 | Lair:5   | 12299 ||| RETREEEEATING.
 12300 | Lair:5   | 12300 ||| RETREEEEATING.
 12301 | Lair:5   | 12301 ||| RETREEEEATING.
 12351 | Lair:5   | 12351 ||| RETREEEEATING.
 12390 | Lair:5   | 12390 ||| RETREEEEATING.
 12449 | Lair:5   | Received a gift from Okawaru
 12553 | Lair:5   | Found the +8 frozen axe "Frostbite" {freeze, freezing
                  | cloud, *Noise Fly rC+}
 12781 | Lair:5   | 12781 ||| RETREEEEATING.
 12786 | Lair:5   | 12786 ||| INVOKING Finesse.
 12795 | Lair:5   | Reached skill level 17 in Dodging
 12865 | Lair:5   | Noticed a fire dragon
 12866 | Lair:5   | Found a large runed translucent door.
 12867 | Lair:5   | Found a large runed translucent door.
 13159 | Lair:5   | 13159 ||| PLANNING D:1-11
 13159 | Lair:5   | 13159 ||| UPGRADING to scarf of repulsion.
 13169 | Lair:5   | 13169 ||| UPGRADING to +0 acid dragon scales "Keasm" {rCorr
                  | Str+3 Dex+3 Slay+3}.
 13179 | Lair:5   | 13179 ||| REMOVING ring of resist corrosion.
 13180 | Lair:5   | 13180 ||| DROPPING +0 robe.
 13307 | Lair:5   | 13307 ||| UPGRADING to ring of positive energy.
 13475 | Lair:5   | 13475 ||| READING 2 scrolls of identify.
 13475 | Lair:5   | 13475 ||| IDENTIFYING blue potion
 13476 | Lair:5   | 13476 ||| DROPPING potion of degeneration.
 13654 | D:10     | Entered Level 10 of the Dungeon
 13711 | D:10     | Received a gift from Okawaru
 13815 | D:10     | Noticed Psyche
 13817 | D:10     | Killed Psyche
 13818 | D:10     | Reached skill level 1 in Armour
 14065 | D:10     | 14065 ||| RETREEEEATING.
 14067 | D:10     | 14067 ||| RETREEEEATING.
 14072 | D:10     | 14072 ||| RETREEEEATING.
 14076 | D:10     | 14076 ||| RETREEEEATING.
 14078 | D:10     | 14078 ||| INVOKING Finesse.
 14081 | D:10     | HP: 14/67 [harpy (shapeshifter) (6)]
 14082 | D:10     | 14082 ||| READING 5 scrolls of teleportation.
 14083 | D:10     | 14083 ||| DRINKING potion of heal wounds.
 14294 | D:10     | 14294 ||| READING 2 scrolls of identify.
 14294 | D:10     | 14294 ||| IDENTIFYING scroll labelled LASAUKHE KANO
 14295 | D:10     | 14295 ||| DROPPING scroll of revelation.
 14306 | D:11     | 14306 ||| STAIRDANCE
 14316 | D:11     | 14316 ||| STAIRDANCE
 14325 | D:11     | 14325 ||| STAIRDANCE
 14419 | D:11     | Found a staircase to the Orcish Mines.
 14859 | D:11     | 14859 ||| PLANNING D
 14859 | D:11     | 14859 ||| UPGRADING to ring of protection from cold.
 14861 | D:11     | 14861 ||| READING 3 scrolls of identify.
 14861 | D:11     | 14861 ||| IDENTIFYING smoky golden potion
 14862 | D:11     | 14862 ||| READING 2 scrolls of identify.
 14862 | D:11     | 14862 ||| IDENTIFYING scroll labelled QUZUEDUPOW
 14863 | D:11     | 14863 ||| DROPPING scroll of blinking.
 14864 | D:11     | 14864 ||| DROPPING potion of attraction.
 15075 | D:12     | Found a frozen archway.
 15078 | D:12     | Reached XP level 14. HP: 72/72 MP: 22/22
 15083 | D:12     | Received a gift from Okawaru
 15088 | D:12     | HP: 17/72 [skeletal warrior/+0 short sword (13)]
 15089 | D:12     | 15089 ||| READING 4 scrolls of teleportation.
 15394 | D:12     | Noticed Nergalle
 15404 | D:12     | Killed Nergalle
 15818 | D:12     | 15818 ||| UPGRADING to +6 ring of dexterity.
 15820 | D:12     | 15820 ||| DROPPING ring of positive energy.
 15821 | D:12     | 15821 ||| UPGRADING to ring of protection from cold.
 15823 | D:12     | 15823 ||| READING scroll of identify.
 15823 | D:12     | 15823 ||| IDENTIFYING scroll labelled YBONLU FOVOAK
 15824 | D:12     | 15824 ||| DROPPING scroll of poison.
 15923 | D:13     | Noticed Frances
 15924 | D:13     | 15924 ||| INVOKING Finesse.
 15930 | D:13     | Killed Frances
 16297 | D:13     | Received a gift from Okawaru
 16298 | D:13     | Reached skill level 18 in Dodging
 16735 | D:14     | Found a runed translucent gate.
 16735 | D:14     | Found a runed translucent gate.
 16735 | D:14     | Found a runed translucent gate.
 16736 | D:14     | Noticed an azure jelly
 16737 | D:14     | Noticed a quicksilver ooze
 16738 | D:14     | Noticed Opnastoc's ghost (journeyman MiBe)
 16739 | D:14     | Noticed a rockslime
 16739 | D:14     | Noticed an azure jelly
 16745 | D:14     | Found a viscous altar of Jiyva.
 16763 | D:14     | Reached skill level 19 in Dodging
 16881 | D:14     | Found a gate to the Vaults.
 16882 | D:14     | 16882 ||| INVOKING Finesse.
 16885 | D:14     | 16885 ||| RETREEEEATING.
 16887 | D:14     | 16887 ||| RETREEEEATING.
 16889 | D:14     | 16889 ||| RETREEEEATING.
 16890 | D:14     | 16890 ||| RETREEEEATING.
 16891 | D:14     | 16891 ||| RETREEEEATING.
 16899 | D:14     | Reached skill level 20 in Dodging
 16899 | D:14     | Received a gift from Okawaru
 17075 | D:14     | 17075 ||| RETREEEEATING.
 17127 | D:14     | Noticed Lodul
 17128 | D:14     | 17128 ||| RETREEEEATING.
 17130 | D:14     | 17130 ||| RETREEEEATING.
 17133 | D:14     | 17133 ||| INVOKING Finesse.
 17136 | D:14     | Killed Lodul
 17169 | D:14     | Found Yrept's Tiny Tomes.
 17278 | D:14     | Found a portal to a secret trove of treasure.
 17285 | D:14     | Noticed Kirke
 17286 | D:14     | 17286 ||| INVOKING Finesse.
 17294 | D:14     | Killed Kirke
 17294 | D:14     | Received a gift from Okawaru
 17673 | D:14     | 17673 ||| READING 3 scrolls of identify.
 17673 | D:14     | 17673 ||| IDENTIFYING scroll labelled PIFIMUIDDU
 17674 | D:14     | 17674 ||| READING 2 scrolls of identify.
 17674 | D:14     | 17674 ||| IDENTIFYING scroll labelled SUUGOE EZUSU
 17675 | D:14     | 17675 ||| DROPPING scroll of noise.
 17676 | D:14     | 17676 ||| DROPPING scroll of silence.
 17683 | D:15     | Entered Level 15 of the Dungeon
 17689 | D:15     | 17689 ||| RETREEEEATING.
 17698 | D:15     | Noticed Rupert
 17698 | D:15     | 17698 ||| INVOKING Finesse.
 17705 | D:15     | Killed Rupert
 17706 | D:15     | Reached skill level 18 in Ranged Weapons
 17706 | D:15     | Reached XP level 15. HP: 70/75 MP: 17/23
 17769 | D:15     | 17769 ||| RETREEEEATING.
 17770 | D:15     | 17770 ||| RETREEEEATING.
 17772 | D:15     | 17772 ||| RETREEEEATING.
 17784 | D:15     | 17784 ||| INVOKING Finesse.
 17888 | D:15     | Found a staircase to the Depths.
 17896 | D:15     | 17896 ||| RETREEEEATING.
 17898 | D:15     | 17898 ||| RETREEEEATING.
 17899 | D:15     | 17899 ||| RETREEEEATING.
 17900 | D:15     | 17900 ||| FLEEEEING.
 17901 | D:15     | 17901 ||| FLEEEEING.
 17902 | D:15     | 17902 ||| FLEEEEING.
 17903 | D:15     | 17903 ||| FLEEEEING.
 17904 | D:15     | 17904 ||| FLEEEEING.
 17905 | D:15     | 17905 ||| FLEEEEING.
 17906 | D:15     | 17906 ||| FLEEEEING.
 17910 | D:15     | 17910 ||| FLEEEEING.
 17911 | D:15     | 17911 ||| FLEEEEING.
 17912 | D:15     | 17912 ||| FLEEEEING.
 17913 | D:15     | 17913 ||| FLEEEEING.
 17915 | D:15     | 17915 ||| FLEEEEING.
 17916 | D:15     | 17916 ||| FLEEEEING.
 17917 | D:15     | 17917 ||| STAIRDANCE
 17973 | D:15     | Received a gift from Okawaru
 17980 | D:15     | Got a smoky gem with 298 turns to spare
 18414 | D:15     | 18414 ||| PLANNING ORC
 18414 | D:15     | 18414 ||| READING 3 scrolls of identify.
 18414 | D:15     | 18414 ||| IDENTIFYING scroll labelled DIMNIUZAJO
 18529 | Orc:1    | Entered Level 1 of the Orcish Mines
 18586 | Orc:1    | 18586 ||| RETREEEEATING.
 18597 | Orc:1    | Reached skill level 21 in Dodging
 18919 | Orc:2    | Entered Level 2 of the Orcish Mines
 18920 | Orc:2    | 18920 ||| STAIRDANCE
 18997 | Orc:2    | Noticed Jorgrun
 18998 | Orc:2    | 18998 ||| INVOKING Finesse.
 19004 | Orc:2    | Killed Jorgrun
 19004 | Orc:2    | Received a gift from Okawaru
 19136 | Orc:2    | Found Pillakk's Magic Scroll Shop.
 19166 | Orc:2    | 19166 ||| BUYING scroll of identify (28 gold).
 19166 | Orc:2    | Bought a scroll of identify for 28 gold pieces
 19175 | Orc:2    | Found a staircase to the Elven Halls.
 19263 | Orc:2    | Reached skill level 22 in Dodging
 19278 | Orc:2    | Found Ruyzaox's Magic Scroll Emporium.
 19313 | Orc:2    | Found Imiaz's General Store.
 19321 | Orc:2    | 19321 ||| BUYING scroll of enchant armour (97 gold).
 19321 | Orc:2    | Bought a scroll of enchant armour for 97 gold pieces
 19321 | Orc:2    | 19321 ||| BUYING scroll of enchant armour (97 gold).
 19321 | Orc:2    | Bought a scroll of enchant armour for 97 gold pieces
 19321 | Orc:2    | 19321 ||| BUYING scroll of enchant weapon (97 gold).
 19321 | Orc:2    | Bought a scroll of enchant weapon for 97 gold pieces
 19321 | Orc:2    | 19321 ||| BUYING scroll of identify (26 gold).
 19321 | Orc:2    | Bought a scroll of identify for 26 gold pieces
 19321 | Orc:2    | 19321 ||| BUYING scroll of identify (26 gold).
 19321 | Orc:2    | Bought a scroll of identify for 26 gold pieces
 19321 | Orc:2    | 19321 ||| BUYING scroll of identify (26 gold).
 19321 | Orc:2    | Bought a scroll of identify for 26 gold pieces
 19465 | Orc:2    | 19465 ||| RETREEEEATING.
 19466 | Orc:2    | 19466 ||| RETREEEEATING.
 19467 | Orc:2    | 19467 ||| RETREEEEATING.
 19469 | Orc:2    | 19469 ||| RETREEEEATING.
 19471 | Orc:2    | 19471 ||| RETREEEEATING.
 19472 | Orc:2    | 19472 ||| RETREEEEATING.
 19474 | Orc:2    | 19474 ||| RETREEEEATING.
 19475 | Orc:2    | 19475 ||| RETREEEEATING.
 19476 | Orc:2    | 19476 ||| RETREEEEATING.
 19477 | Orc:2    | 19477 ||| RETREEEEATING.
 19478 | Orc:2    | 19478 ||| RETREEEEATING.
 19479 | Orc:2    | 19479 ||| RETREEEEATING.
 19480 | Orc:2    | 19480 ||| RETREEEEATING.
 19481 | Orc:2    | 19481 ||| RETREEEEATING.
 19482 | Orc:2    | 19482 ||| RETREEEEATING.
 19483 | Orc:2    | 19483 ||| RETREEEEATING.
 19484 | Orc:2    | 19484 ||| RETREEEEATING.
 19485 | Orc:2    | 19485 ||| RETREEEEATING.
 19486 | Orc:2    | 19486 ||| RETREEEEATING.
 19507 | Orc:2    | 19507 ||| RETREEEEATING.
 19513 | Orc:2    | 19513 ||| INVOKING Finesse.
 19653 | Orc:2    | Received a gift from Okawaru
 19814 | Orc:2    | Identified the ring of Interdependent Arising {rF+ rC+ rN+
                  | Int-2}
 19934 | Orc:2    | 19934 ||| INVOKING Finesse.
 20001 | Orc:2    | Reached XP level 16. HP: 82/82 MP: 24/24
 20017 | Orc:2    | Found Urulumea's Antique Weapon Boutique.
 20017 | Orc:2    | Found Dufag's Jewellery Shop.
 20019 | Orc:2    | 20019 ||| RETREEEEATING.
 20019 | Orc:2    | Found a one-way gate leading to the halls of Pandemonium.
 20022 | Orc:2    | Received a gift from Okawaru
 20035 | Orc:2    | 20035 ||| BUYING +4 ring of protection (468 gold).
 20035 | Orc:2    | Bought a +4 ring of protection for 468 gold pieces
 20103 | Orc:2    | 20103 ||| PLANNING SNAKE:1-3
 20103 | Orc:2    | 20103 ||| DROPPING ring of positive energy.
 20104 | Orc:2    | 20104 ||| DROPPING ring of resist corrosion.
 20105 | Orc:2    | 20105 ||| UPGRADING to ring of Interdependent Arising {rF+
                  | rC+ rN+ Int-2}.
 20107 | Orc:2    | 20107 ||| DROPPING ring of willpower.
 20108 | Orc:2    | 20108 ||| DROPPING ring of protection from cold.
 20336 | Snake:1  | Entered Level 1 of the Snake Pit
 20336 | Snake:1  | Identified the serpent talisman "Etil" {rElec Int+2}
 20336 | Snake:1  | Noticed Aizul
 20337 | Snake:1  | 20337 ||| INVOKING Finesse.
 20338 | Snake:1  | 20338 ||| STAIRDANCE
 20365 | Snake:1  | 20365 ||| STAIRDANCE
 20373 | Snake:1  | 20373 ||| STAIRDANCE
 20379 | Lair:3   | Killed Aizul
 20384 | Snake:1  | 20384 ||| STAIRDANCE
 20390 | Lair:3   | Reached skill level 9 in Fighting
 20474 | Snake:1  | Found Mauth's Magic Scroll Shoppe.
 20476 | Snake:1  | Found Jawyck's Weapon Emporium.
 20478 | Snake:1  | Found Haoxt's Armour Shoppe.
 20482 | Snake:1  | 20482 ||| BUYING 3 scrolls of identify (72 gold).
 20482 | Snake:1  | Bought 3 scrolls of identify for 72 gold pieces
 20482 | Snake:1  | 20482 ||| BUYING scroll of brand weapon (114 gold).
 20482 | Snake:1  | Bought a scroll of brand weapon for 114 gold pieces
 20482 | Snake:1  | 20482 ||| BUYING scroll of identify (24 gold).
 20482 | Snake:1  | Bought a scroll of identify for 24 gold pieces
 20482 | Snake:1  | 20482 ||| BUYING scroll of teleportation (36 gold).
 20482 | Snake:1  | Bought a scroll of teleportation for 36 gold pieces
 20482 | Snake:1  | 20482 ||| BUYING scroll of teleportation (36 gold).
 20482 | Snake:1  | Bought a scroll of teleportation for 36 gold pieces
 20649 | Snake:1  | 20649 ||| RETREEEEATING.
 20651 | Snake:1  | 20651 ||| RETREEEEATING.
 20654 | Snake:1  | Reached skill level 3 in Armour
 20733 | Snake:1  | Found Xuegg's Armour Emporium.
 20850 | Snake:1  | 20850 ||| INVOKING Finesse.
 20850 | Snake:1  | HP: 19/84 [constriction (3)]
 20851 | Snake:1  | 20851 ||| READING 5 scrolls of teleportation.
 20852 | Snake:1  | 20852 ||| DRINKING potion of heal wounds.
 21212 | Snake:1  | 21212 ||| READING 10 scrolls of identify.
 21212 | Snake:1  | 21212 ||| IDENTIFYING 2 lumpy golden potions
 21213 | Snake:1  | 21213 ||| DRINKING 2 potions of experience.
 21213 | Snake:1  | Reached skill level 23 in Dodging
 21213 | Snake:1  | Reached XP level 17. HP: 87/87 MP: 25/25
 21214 | Snake:1  | 21214 ||| DRINKING potion of experience.
 21214 | Snake:1  | Reached XP level 18. HP: 92/92 MP: 26/26
 21215 | Snake:1  | 21215 ||| DROPPING wand of mindburst (35).
 21942 | Snake:2  | Received a gift from Okawaru
 22082 | Snake:2  | 22082 ||| UPGRADING to ring of poison resistance.
 22102 | Snake:3  | 22102 ||| STAIRDANCE
 22106 | Snake:3  | 22106 ||| STAIRDANCE
 22221 | Snake:3  | Noticed Roxanne
 22234 | Snake:3  | Killed Roxanne
 22281 | Snake:3  | 22281 ||| INVOKING Finesse.
 22283 | Snake:3  | Reached skill level 24 in Dodging
 22383 | Snake:3  | HP: 20/92 [shock serpent/electric aura (15)]
 22384 | Snake:3  | 22384 ||| READING 5 scrolls of teleportation.
 22385 | Snake:3  | HP: 9/92 [shock serpent (4)]
 22385 | Snake:3  | Slain by a shock serpent

Levels and vault maps discovered:
D:1:      minmay_arrival_shoal_huts, layout_loops_ring, serial_shops,
          nicolae_lakefront_shop, serial_co_window_serial, co_window_corner_a,
          co_window_cross_1, co_window_paths_a, co_window_corner_a,
          co_window_of_opportunity_a, co_window_corner_b, co_window_broadway_c,
          co_window_paths_e, co_window_4corner_b, minmay_misc_feat_more_columns
D:2:      layout_rooms
D:3:      layout_rooms, mainiacjoe_overflow_tiny_flanked,
          nemelex_xobeh_ov_fountains_minmay, hellmonk_no_cap
D:4:      layout_basic, uniq_crazy_yiuf_cottage
D:5:      minmay_chambers_of_threes, layout_basic, slow_altar_2,
          minmay_temple_entry_large_hall
D:6:      layout_basic, kennysheep_generic_room_6
D:7:      layout_layer_cave, uniq_maurice
D:8:      layout_basic, minmay_fire_ice_demons
D:9:      layout_layer_cave, zin_purify, dpeg_oklobed_lair
D:10:     layout_big_octagon, minivault_25_ag, uniq_psyche
D:11:     layout_long_grid, orc_0_dummy
D:12:     layout_irregular_city, portal_ice_cave_entry_pillars_1, serial_bayou,
          serial_bayou_shore_a, serial_bayou_pond_a, serial_bayou_shore_b,
          serial_bayou_ford_a, uniq_nergalle
D:13:     layout_basic, uniq_frances
D:14:     layout_long_grid, lightli_vaults_fourway_checkpoint,
          gammafunk_ghost_ooze, nicolae_trove_entry_isolated, chequers_jeans,
          minivault_16, nicolae_shop_i_like_small_books_too,
          kennysheep_generic_room_9, uniq_kirke, uniq_lodul
D:15:     gammafunk_depths_entry_grave, layout_long_grid,
          hangedman_decor_lopped, uniq_rupert
Temple:   nicolae_temple_two_arcs
Lair:1:   layout_long_grid, nicolae_lair_run_with_the_wolves
Lair:2:   layout_hall_layers, ebering_ghost_reflecting_pool, uniq_amaemon
Lair:3:   layout_gridlike, shoals_dummy_entry, nicolae_snake_entry_squirm,
          serial_bayou_shore_b
Lair:4:   hellmonk_destroyed_diamonds, layout_loops_ring,
          nicolae_slime_entry_slimehenge, lemuel_fruit_fields
Lair:5:   cheibrodos_lair_end_hotspot, layout_regular_city
Snake:1:  layout_gridlike, nicolae_take_the_stairs, grunt_megastairs_5,
          serial_bayou_shore_b, minmay_shop_star, uniq_aizul
Snake:2:  layout_onion, drop_trap, grunt_megastairs_1, serial_bayou_shore_b
Snake:3:  layout_rooms, guppyfry_library_mini, grunt_megastairs_4,
          serial_bayou_shore_b, uniq_roxanne
Orc:1:    layout_caves, basic_altar
Orc:2:    pf_orc_diabolical, layout_caves, serial_shops, shop_fountains,
          minmay_orc_treasury, uniq_jorgrun

Skill      XL: |  1  2  3  4  5  6  7  8  9 10 11 12 13 14 15 16 17 18 |
---------------+-------------------------------------------------------+-----
Dodging        | 3 4 5 6 7 8 11 12 13 15 17 20 22 23 24 | 24.0
Ranged Weapons | 5 6 8 9 10 11 13 15 16 18 19 20 | 20.3
Fighting       | 2 3 4 5 6 7 8 9 |  9.0
Invocations    | 2 4 5 8 10 | 10.0
Armour         | 2 3 |  3.0
Stealth        | |  1.5

Action                     |  1- 3 |  4- 6 |  7- 9 | 10-12 | 13-15 | 16-18 || total
---------------------------+-------+-------+-------+-------+-------+-------++-------
   Fire: Shortbow          |   159 |    99 |    77 |       |       |       ||   335
         Orcbow            |       |       |   210 |   684 |    74 |       ||   968
         Hand cannon       |       |       |       |       |   811 |   229 ||  1040
 Invoke: Heroism           |       |       |     2 |     1 |       |       ||     3
         Finesse           |       |       |     1 |    10 |    11 |     3 ||    25
         Receive Weapon    |       |       |       |       |     1 |       ||     1
         Receive Armour    |       |       |       |       |     1 |       ||     1
    Use: Scroll            |     6 |     5 |     3 |     8 |    10 |     3 ||    35
         Potion            |       |       |       |     1 |     1 |     3 ||     5
 Armour: Robe              |     9 |     6 |    22 |    38 |     3 |       ||    78
         Acid dragon scale |       |       |       |       |    37 |    23 ||    60
  Dodge: Dodged            |    28 |    25 |   105 |   216 |   303 |   197 ||   874
         Repelled          |       |       |       |       |     2 |     1 ||     3
  Block: Other             |       |       |       |    11 |    56 |    29 ||    96
         Reflection        |       |       |       |     1 |     7 |     4 ||    12

Table legend:
 A = Non-vault XP
 B = Vault XP
 C = Vault XP percentage of total XP
 D = Non-vault monster count
 E = Vault monster count
 F = Vault count percentage of total count
                 A         B        C        D         E       F
            +---------+---------+-------+---------+---------+-------
      Total |  121387 |   73362 |  37.7 |     567 |     235 |  29.3
            +---------+---------+-------+---------+---------+-------
        D:1 |      46 |       0 |   0.0 |      26 |       0 |   0.0
        D:2 |      49 |       0 |   0.0 |      17 |       0 |   0.0
        D:3 |      26 |      82 |  75.9 |      12 |       3 |  20.0
        D:4 |     381 |       0 |   0.0 |      19 |       0 |   0.0
        D:5 |     534 |     536 |  50.1 |      18 |      13 |  41.9
        D:6 |    1232 |      42 |   3.3 |      30 |       3 |   9.1
        D:7 |     776 |     571 |  42.4 |      20 |       1 |   4.8
        D:8 |    1218 |     129 |   9.6 |      12 |       5 |  29.4
        D:9 |    3850 |       0 |   0.0 |      37 |       0 |   0.0
       D:10 |    1776 |    3594 |  66.9 |      32 |       5 |  13.5
       D:11 |    2178 |       0 |   0.0 |       8 |       0 |   0.0
       D:12 |    3933 |     769 |  16.4 |       8 |       1 |  11.1
       D:13 |    8046 |    1505 |  15.8 |      16 |       1 |   5.9
       D:14 |   10954 |   11928 |  52.1 |      22 |      26 |  54.2
       D:15 |   12299 |    7011 |  36.3 |      25 |       8 |  24.2
     Lair:1 |    4256 |    1736 |  29.0 |      21 |       7 |  25.0
     Lair:2 |    7398 |    1215 |  14.1 |      32 |       2 |   5.9
     Lair:3 |    3169 |    2637 |  45.4 |      14 |       5 |  26.3
     Lair:4 |    8085 |     176 |   2.1 |      27 |       8 |  22.9
     Lair:5 |   13392 |    6862 |  33.9 |      38 |      26 |  40.6
    Snake:1 |    9074 |     166 |   1.8 |      18 |       1 |   5.3
    Snake:2 |   11084 |    2185 |  16.5 |      22 |       6 |  21.4
    Snake:3 |    9761 |    4798 |  33.0 |      19 |      11 |  36.7
      Orc:1 |    5025 |       0 |   0.0 |      39 |       0 |   0.0
      Orc:2 |    2845 |   27420 |  90.6 |      35 |     103 |  74.6
            +---------+---------+-------+---------+---------+-------
